 Dungeon Crawl Stone Soup version 0.31-a0-981-geadf994542 (webtiles) character file.

Game seed: 565770249185952677

10333 horus123 the Fighter (level 11, -2/91 (92) HPs)
             Began as a Demonspawn Gladiator on Nov 2, 2023.
             Slain by a wight
             ... wielding a +2 flail of freezing
              (3 damage)
             ... on level 9 of the Dungeon.
             The game lasted 00:22:04 (9662 turns).

horus123 the Fighter (Demonspawn Gladiator)         Turns: 9662, Time: 00:22:04

HP:   -2/91 (92)    AC: 17    Str: 15    XL:     11   Next: 34%
MP:   26/26         EV:  7    Int: 11    God:
Gold: 584           SH:  5    Dex: 19    Spells: 18/18 levels left

rFire   . . .        J - +7 Throatcutter {drain, coup de grace}
rCold   . . .        (no shield)
rNeg    . . .        l - +0 plate armour
rPois   .            c - +0 helmet
rElec   .            g - +0 cloak
rCorr   .            (gloves unavailable)
SInv    .            v - +0 pair of boots
Will    .....        y - amulet of reflection Stlth
                     w - ring of magical power
HPRegen 0.35/turn    (no ring)
MPRegen 0.20/turn

%: reflection
@: mighty, lightly drained
A: claws 3, powered by pain 2, spiny 1, big brain 1
a: no special abilities


You were on level 9 of the Dungeon.
You visited 1 branch of the dungeon, and saw 9 of its levels.
You also visited: Ossuary.

You collected 584 gold pieces.

Inventory:

Hand Weapons
 a - a +0 long sword
 j - a +0 flail
 A - a +0 bardiche
 H - a +0 great sword
 J - the +7 Throatcutter (weapon) {drain, coup de grace}
   (You found it on level 7 of the Dungeon)
Missiles
 d - 3 throwing nets
 e - a javelin
 m - 41 poisoned darts (quivered)
Armour
 b - a +0 leather armour
 c - a +0 helmet (worn)
 g - a +0 cloak (worn)
 h - a +0 chain mail
 l - a +0 plate armour (worn)
 v - a +0 pair of boots (worn)
 z - a +0 pair of gloves
 C - the +3 leather armour "Laishey" {Will+}
   (You found it on level 4 of the Dungeon)

   Will+:     It increases your willpower.
 G - an orb of mayhem
Jewellery
 s - an amulet of faith
 w - a ring of magical power (left claw)
 y - an amulet of reflection (around neck)
Wands
 L - a wand of paralysis (20)
Scrolls
 f - 9 scrolls of teleportation
 k - a scroll of butterflies {unknown}
 n - a scroll of vulnerability
 o - a scroll of torment {unknown}
 p - 3 scrolls of amnesia
 r - 2 scrolls of immolation
 t - 4 scrolls of enchant armour {unknown}
 u - 2 scrolls of fog {unknown}
 x - 2 scrolls of revelation {unknown}
 E - a scroll of enchant weapon {unknown}
 K - 3 scrolls of noise
 O - a scroll of poison {unknown}
 P - a scroll of identify
 Q - a scroll of blinking {unknown}
Potions
 i - 2 potions of brilliance
 q - 5 potions of curing
 B - a potion of haste {unknown}
 D - 2 potions of attraction {unknown}
 F - a potion of resistance {unknown}
 I - 2 potions of mutation
 M - 4 potions of cancellation {unknown}
 N - 2 potions of heal wounds {unknown}
 R - a potion of magic {unknown}
 S - 2 potions of enlightenment {unknown}
 T - a potion of berserk rage {unknown}


   Skills:
 - Level 10.5 Fighting
 - Level 10.2 Long Blades
 - Level 1.7 Throwing
 - Level 7.1 Armour
 + Level 5.0 Dodging
 - Level 4.1 Spellcasting


You had 18 spell levels left.
You didn't know any spells.
Your spell library contained the following spells:

 Spells                   Type           Power      Damage    Failure   Level
 Cigotuvi's Dreadful Rot  Necr/Pois/Air  4%         N/A       100%        2
 Sublimation of Blood     Necr           2%         N/A       100%        2
 Ignite Poison            Fire/Tmut/Pois 2%         N/A       100%        3
 Petrify                  Tmut/Erth      2%         N/A       100%        4
 Freezing Cloud           Conj/Ice/Air   1%         6-21      100%        5
 Irradiate                Conj/Tmut      1%         3d12      100%        5


Dungeon Overview and Level Annotations

Branches:
Dungeon (9/15)             Temple (0/1) D:4            Lair (0/5) D:8
    Orc (0/2) D:9         Ossuary (visited)

Altars:
Vehumet

Shops:
D:5 *

Annotations:
D:3 2 transporters, osoart's ghost, amateur DrSh
D:8 2 transporters, zenocrate's ghost, novice TrFi


Innate Abilities, Weirdness & Mutations

You have claws for hands.
You sometimes gain power by taking damage.
You are partially covered in sharp spines.
You have an unusually large brain. (Int +2)


Message History

Okay, then.
You slice the wight!!
You destroy the wight!
You slash the elephant!
The elephant is moderately wounded.
You block the elephant's attack.
The elephant trunk-slaps you but does no damage.
You slice the elephant!!
The elephant is heavily wounded.
You block the elephant's attack.
The elephant trunk-slaps you but does no damage.
You slice the elephant!! You drain the elephant.
You behead the elephant!
You kill the elephant!
The elephant is struck by your spines. The elephant tramples you.
You hold your ground!
You block the elephant's attack.
You slash the elephant! You drain the elephant.
The elephant is severely wounded.
The elephant tramples you!
* * * LOW HITPOINT WARNING * * *
You hold your ground!
The elephant trunk-slaps you but does no damage.
You hit the elephant. You drain the elephant.
You behead the elephant!
You kill the elephant!
The wight hits you with a +2 flail of freezing.
* * * LOW HITPOINT WARNING * * *
You feel drained.
* * * LOW HITPOINT WARNING * * *
The wight freezes you.
* * * LOW HITPOINT WARNING * * *
The wight hits you with a +2 morningstar of freezing.
* * * LOW HITPOINT WARNING * * *
You feel drained. The wight freezes you.
* * * LOW HITPOINT WARNING * * *
Your Dodging skill increases to level 5!
Okay, then.
You barely miss the wight. The wight is struck by your spines.
The wight hits you with a +2 flail of freezing!
* * * LOW HITPOINT WARNING * * *
The wight freezes you.
You die...

♣..♣♣.♣.♣†♣♣..#...#
#........
.♣..♣..♣....♣♣##†..#
#........
P.....P.♣♣....##.[.#
#.####...
....♣.......♣..#...#
#.# #...
#♣♣§.§....♣.♣..♣...#
#.# #...
♣§♣.♣♣.♣♣.♣♣ ♣♣...#
#.# #... #
♣.....♣♣♣♣♣♣♣...#
#.# #...
#..P♣♣.......♣♣z†.#
#.# #...
♣.P...♣♣....♣♣#@z.#
#.# #...
♣.......♣.....#...#
#.# #...
♣♣♣♣♣...♣♣♣♣......#
#.# #... ♣...
♣♣.....# #.# #...
♣♣.♣ ♣.♣...# #.#
#... .. ♣♣#...# #.#
#... .#. #...# #.#
#... #...# #.# #...
#...######.# #...


You could see 2 wights.

Vanquished Creatures
  A two-headed ogre (D:9)
  The ghost of tsujin the Martial Artist, a novice GnSh of Uskayaw (D:7)
  3 elephants (D:9)
  4 kobold demonologists (D:7)
  Psyche (D:8)
  An unseen horror (D:6)
  Prince Ribbit (D:8)
  3 yaks (D:8)
  2 shadows (D:9)
  A wraith (Ossuary)
  A wyvern (D:7)
  A steam dragon (D:9)
  2 acid dragons
  5 water moccasins
  2 ice beasts
  5 black bears
  2 sky beasts
  An orc warrior (D:7)
  4 ogres
  2 centaurs
  A phantom (D:9)
  7 kobold brigands
  3 bullfrogs
  4 scorpions
  11 wights
  A troll zombie (D:9)
  5 killer bees (D:7)
  4 howler monkeys
  2 gnoll boudas (D:7)
  3 orc priests
  A hound (D:4)
  3 jellies
  4 iguanas
  7 orc wizards
  5 ogre zombies (D:9)
  A mummy (Ossuary)
  14 gnolls
  14 adders
  2 shadow imps
  A white imp (D:6)
  An ufetubus (D:5)
  3 dart slugs
  29 orcs
  5 ball pythons
  10 endoplasms
  4 giant cockroaches
  2 gnoll zombies (D:9)
  10 hobgoblins
  5 jackals (D:2)
  13 kobolds
  2 quokkas
  2 bats (D:1)
  4 frilled lizards
  6 gnoll skeletons
  13 goblins
  7 kobold skeletons (Ossuary)
  17 orc skeletons
  10 orc zombies (D:9)
  3 rats
282 creatures vanquished.

Notes
Turn   | Place    | Note
-------+----------+-------------------------------------------
     0 | D:1      | horus123 the Demonspawn Gladiator began the quest for the
                  | Orb.
     0 | D:1      | Reached XP level 1. HP: 16/16 MP: 1/1
   261 | D:1      | Gained mutation: You sometimes gain a little power by
                  | taking damage. [demonic ancestry]
   261 | D:1      | Reached XP level 2. HP: 22/22 MP: 2/2
   264 | D:1      | Reached skill level 1 in Armour
   394 | D:1      | Reached XP level 3. HP: 26/27 MP: 3/3
   801 | D:2      | Found a faded altar of an unknown god.
  1361 | D:2      | Gained mutation: You are partially covered in sharp spines.
                  | [demonic ancestry]
  1361 | D:2      | Reached XP level 4. HP: 33/33 MP: 4/4
  1726 | D:3      | Found a radiant altar of Vehumet.
  1761 | D:3      | Found a transporter.
  1765 | D:3      | Found a transporter.
  1872 | D:3      | Gained mutation: You have sharp fingernails. [demonic
                  | ancestry]
  1872 | D:3      | Reached XP level 5. HP: 26/41 MP: 5/5
  2015 | D:3      | Noticed osoart's ghost (amateur DrSh)
  2228 | D:3      | Identified the +4 halberd of Friendship {vamp, Dex+2}
  2458 | D:3      | You fall into a shaft and drop 3 floors!
  2468 | D:6      | Noticed an ice beast
  2488 | D:6      | Noticed a centaur
  2498 | D:6      | Noticed a sky beast
  2502 | D:6      | Killed an ice beast
  2505 | D:6      | Killed a centaur
  2506 | D:6      | Reached skill level 5 in Fighting
  2506 | D:6      | Gained mutation: You have an unusually large brain. (Int
                  | +2) [demonic ancestry]
  2506 | D:6      | Reached XP level 6. HP: 21/51 MP: 6/6
  2515 | D:6      | Killed a sky beast
  2883 | D:5      | Entered Level 5 of the Dungeon
  2892 | D:5      | Noticed an ice beast
  2911 | D:5      | Killed an ice beast
  2912 | D:5      | Gained mutation: You sometimes gain power by taking damage.
                  | [demonic ancestry]
  2912 | D:5      | Reached XP level 7. HP: 42/56 MP: 7/7
  2994 | D:5      | Reached skill level 5 in Long Blades
  3222 | D:5      | Found Ischuschai's Elemental Accessories.
  3428 | D:4      | Identified the +3 leather armour "Laishey" {Will+}
  3514 | D:4      | Found a staircase to the Ecumenical Temple.
  4101 | D:4      | Gained mutation: You have very sharp fingernails. [demonic
                  | ancestry]
  4101 | D:4      | Reached XP level 8. HP: 21/62 MP: 11/11
  5286 | D:6      | Killed an unseen horror
  6023 | D:7      | Noticed tsujin's ghost (novice GnSh)
  6023 | D:7      | Found a runed translucent door.
  6053 | D:7      | Reached XP level 9. HP: 64/69 MP: 15/15
  6545 | D:7      | Found the +7 Throatcutter {drain, coup de grace}
  6545 | D:7      | Noticed a kobold demonologist
  6545 | D:7      | Noticed a kobold demonologist
  6545 | D:7      | Noticed a kobold demonologist
  6545 | D:7      | Noticed a kobold demonologist
  6546 | D:7      | Noticed a red devil
  6548 | D:7      | Noticed a red devil
  6550 | D:7      | Noticed an orange demon
  6551 | D:7      | Noticed an ice devil
  6551 | D:7      | Killed a kobold demonologist
  6552 | D:7      | Noticed an orange demon
  6553 | D:7      | Noticed an orange demon
  6555 | D:7      | Killed a kobold demonologist
  6930 | D:7      | Noticed a sun demon
  6931 | D:7      | Killed a kobold demonologist
  6932 | D:7      | Reached skill level 10 in Long Blades
  7043 | D:7      | Noticed a hellwing
  7046 | D:7      | Killed a kobold demonologist
  7228 | D:7      | Reached XP level 10. HP: 78/79 MP: 16/16
  7749 | D:7      | Killed tsujin's ghost
  7958 | D:8      | Noticed Psyche
  7970 | D:8      | Killed Psyche
  7994 | D:8      | Reached skill level 10 in Fighting
  8088 | D:8      | Found a staircase to the Lair.
  8253 | D:8      | Reached skill level 5 in Armour
  8320 | D:8      | Found a transporter.
  8320 | D:8      | Noticed zenocrate's ghost (novice TrFi)
  8350 | D:8      | Found a transporter.
  8595 | D:8      | Found a sand-covered staircase.
  8602 | Ossuary  | Entered an ossuary
  8813 | D:8      | Noticed Prince Ribbit
  8819 | D:8      | Killed Prince Ribbit
  8980 | D:9      | Found a staircase to the Orcish Mines.
  8988 | D:9      | Gained mutation: You have claws for hands. [demonic
                  | ancestry]
  8988 | D:9      | Reached XP level 11. HP: 92/92 MP: 17/17
  9068 | D:9      | Noticed a two-headed ogre
  9091 | D:9      | Killed a two-headed ogre
  9662 | D:9      | Reached skill level 5 in Dodging
  9662 | D:9      | HP: 1/91 [wight/+2 flail of freezing (8)]
  9662 | D:9      | Slain by a wight

Illustrated notes

Levels and vault maps discovered:
D:1:      minmay_arrival_five_plusses, layout_loops_cross
D:2:      layout_rooms, shapermc_ecumenical_altar_totnotflames
D:3:      layout_basic, nicolae_vehumet_altar_sigil,
          gammafunk_ghost_gnarly_gnolls
D:4:      cheibrodos_helix_gallery, layout_basic,
          minmay_temple_entry_statues_pillars
D:5:      layout_gridville, nicolae_elemental_shop, minmay_circle_x
D:6:      minmay_skewed_foursquare, layout_basic, grunt_ministairs_6
D:7:      layout_basic, gammafunk_ghost_grave, dilly_guarded_unrand_throatcut
D:8:      layout_loops_ring, due_lair_maze_entry_diamond,
          nicolae_ossuary_entry_plus, gammafunk_ghost_stat_death,
          patterned_corridor, uniq_prince_ribbit1, uniq_psyche
D:9:      wad_woods_tower, layout_long_grid, zombieorc1_lemuel

Skill      XL: |  1  2  3  4  5  6  7  8  9 10 11 |
---------------+----------------------------------+-----
Long Blades    | 3 4 6 7 10 | 10.2
Armour         | 2 3 4 6 7 |  7.1
Fighting       | 3 5 6 7 10 | 10.5
Spellcasting   | 2 4 |  4.1
Dodging        | 5 |  5.0
Throwing       | |  1.7

Action                     |  1- 3 |  4- 6 |  7- 9 | 10-12 || total
---------------------------+-------+-------+-------+-------++-------
  Melee: Long sword        |   108 |    79 |   167 |   226 ||   580
         Punch             |     1 |     3 |     3 |     4 ||    11
         Great sword       |       |       |   114 |       ||   114
    Use: Scroll            |       |     5 |     2 |     2 ||     9
         Potion            |       |       |     2 |       ||     2
   Stab: Sleeping          |       |       |     3 |       ||     3
 Armour: Chain mail        |    51 |       |       |       ||    51
         Leather armour    |     2 |       |   173 |    67 ||   242
         Plate armour      |    53 |   102 |    59 |    53 ||   267
  Dodge: Dodged            |    33 |    19 |   158 |    74 ||   284
  Block: Other             |       |       |    84 |    41 ||   125
         Reflection        |       |       |     6 |       ||     6

Table legend: (Time is in decaauts)
 A = Elapsed time spent in this place.
 B = Non-inter-level travel time spent in this place.
 C = Inter-level travel time spent in this place.
 D = Time resting spent in this place.
 E = Time spent auto-exploring this place.
 F = Levels seen in this place.
 G = Mean time per level.
                   A        B        C        D        E       F      G
               +--------+--------+--------+--------+--------+-----+--------+
         Total |   9722 |   9494 |    228 |   2126 |   5082 |  10 |  972.2 |
       Dungeon |   9535 |   9307 |    228 |   2126 |   4991 |   9 | 1059.4 |
       Ossuary |    186 |    186 |      0 |      0 |     91 |   1 |  186.0 |
               +--------+--------+--------+--------+--------+-----+--------+

Top non-repeatable levels by time:
     D:6: 2421 daAuts
     D:7: 1375 daAuts
     D:4: 1054 daAuts
     D:8: 1007 daAuts
     D:3: 882 daAuts
     D:2: 834 daAuts
     D:1: 784 daAuts
     D:5: 665 daAuts
     D:9: 511 daAuts
 Ossuary: 186 daAuts
